 Dungeon Crawl Stone Soup version 0.22-a0-136-g83a10e5 (webtiles) character file.

132 varam the Chopper (level 5, -1/45 HPs)
             Began as a Hill Orc Fighter on Feb 4, 2018.
             Was an Initiate of Cheibriados.
             Slain by an ogre
             ... wielding a +0 giant club
              (7 damage)
             ... on level 3 of the Dungeon.
             The game lasted 00:04:41 (1948 turns).

varam the Chopper (Hill Orc Fighter)                Turns: 1948, Time: 00:04:41

Health: -1/45      AC: 11    Str: 25    XL:     5   Next: 15%
Magic:  5/5        EV:  8    Int: 13    God:    Cheibriados [......]
Gold:   95         SH: 10    Dex: 11    Spells: 4/4 levels left

rFire    + . .     SeeInvis .   a - +0 war axe
rCold    . . .     Gourm    .   c - +0 shield
rNeg     . . .     Faith    .   x - +2 ring mail of Circular Logic {+Inv rF+ Int+3}
rPois    .         Spirit   .   m - +1 helmet
rElec    .         Reflect  .   (no cloak)
rCorr    .         Harm     .   (no gloves)
MR       .....                  i - +0 pair of boots
Stlth    +.........             o - amulet of regeneration
HPRegen  0.55/turn              (no ring)
MPRegen  0.09/turn              (no ring)

@: mighty, very slow
A: no striking features
a: Bend Time, Renounce Religion, Evoke Invisibility


You were on level 3 of the Dungeon.
You worshipped Cheibriados.
Cheibriados was noncommittal.
You were not hungry.

You visited 2 branches of the dungeon, and saw 5 of its levels.

You collected 95 gold pieces.

Inventory:

Hand Weapons
 a - a +0 war axe (weapon)
Missiles
 k - a throwing net (quivered)
Armour
 c - a +0 shield (worn)
 i - a +0 pair of boots (worn)
 m - a +1 helmet (worn)
 w - a +0 helmet of see invisible
 x - the +2 ring mail of Circular Logic (worn) {+Inv rF+ Int+3}
   (You found it on level 4 of the Dungeon)

   It affects your intelligence (+3).
   It protects you from fire.
   It lets you turn invisible.
Jewellery
 o - an amulet of regeneration (around neck)
Scrolls
 b - a scroll of enchant armour {unknown}
 h - a scroll of teleportation {unknown}
 l - 5 scrolls of identify {unknown}
 n - 2 scrolls of amnesia {unknown}
 r - 2 scrolls of remove curse {unknown}
 s - a scroll of enchant weapon {unknown}
 t - a scroll of noise {unknown}
 u - 3 scrolls of fog {unknown}
Potions
 d - a potion of might
 j - a potion of lignification {unknown}
 p - a potion of heal wounds {unknown}
 q - 3 potions of curing {unknown}
 v - a potion of agility {unknown}
Comestibles
 f - 4 rations
 g - a chunk of flesh


   Skills:
 - Level 3.6 Fighting
 + Level 5.2 Axes
 - Level 3.2 Armour
 + Level 4.9 Shields


You had 4 spell levels left.
You didn't know any spells.

Dungeon Overview and Level Annotations

Branches:
Dungeon (4/15)             Temple (1/1) D:4

Altars:
Ashenzari
Cheibriados
Elyvilon
Kikubaaqudgha
Nemelex Xobeh
Qazlal
Sif Muna
Trog
Yredelemnul
Zin
The Shining One

Annotations:
D:3 wintastic's ghost, amateur DDFi


Message History

Cheibriados thoroughly appreciates the change of pace.
The ogre hits you with a giant club!
You climb upwards.
Level annotation: wintastic's ghost, amateur DDFi You block wintastic's ghost's attack.
There is a stone staircase leading down here.
The ogre hits you with a giant club!
Wintastic's ghost hits you but does no damage.
Wintastic's ghost mumbles, "They all look like pillowcases to me..."
Wintastic's ghost hits you. The ogre hits you with a giant club.
You block the ogre's attack.
You feel very mighty all of a sudden. The ogre hits you with a giant club!!
* * * LOW HITPOINT WARNING * * *
You hit the ogre.
The ogre is moderately wounded.
Wintastic's ghost shrieks, "You must not succeed where I failed!"
The ogre hits you with a giant club!
You die...

#..............#
#.....#.##.....#
#.....#.##....## #....##.##..###
##### #######.##.###### ....#
#.##......# ....# #.#####.#.#
....##################.#.###.#.#
................@OW.....>....#.#
....##############...#.#.###.#.#
#.### #.#.#.#.......# #.#
#.....#.###.### #.# #.#####.#
#.# #.# #.#########.# #.#.#
####...........# ....#
###.....######.#.# #.###
#.......# #.#.#


You could see an ogre and wintastic's ghost.

Vanquished Creatures
  A worker ant (D:4)
  An adder (D:3)
  3 oozes
  2 dart slugs (D:1)
  A leopard gecko (D:2)
  4 orcs (D:3)
  3 ball pythons
  A giant cockroach (D:2)
  7 goblins
  9 hobgoblins
  11 jackals
  5 kobolds
  3 quokkas
  10 bats
  4 frilled lizards (D:2)
  5 rats
70 creatures vanquished.

Notes
Turn   | Place    | Note
-------+----------+-------------------------------------------
     0 | D:1      | varam the Hill Orc Fighter began the quest for the Orb.
     0 | D:1      | Reached XP level 1. HP: 19/19 MP: 1/1
   185 | D:1      | Reached skill level 3 in Axes
   205 | D:1      | Reached XP level 2. HP: 26/26 MP: 2/2
   825 | D:2      | Reached XP level 3. HP: 31/31 MP: 3/3
   867 | D:2      | Reached skill level 4 in Shields
   882 | D:2      | Reached skill level 4 in Axes
  1238 | D:2      | Reached XP level 4. HP: 39/39 MP: 4/4
  1332 | D:3      | Noticed wintastic's ghost (amateur DDFi)
  1343 | D:3      | Found a white marble altar of Elyvilon.
  1704 | D:4      | Got a steaming ring mail
  1715 | D:4      | Identified the +2 ring mail of Circular Logic {+Inv rF+ Int+3} (You found it on level 4 of the Dungeon)
  1789 | D:4      | Found a staircase to the Ecumenical Temple.
  1800 | Temple   | Entered the Ecumenical Temple
  1869 | Temple   | Became a worshipper of Cheibriados the Contemplative
  1905 | D:4      | Noticed an ogre
  1906 | D:4      | Reached skill level 5 in Axes
  1906 | D:4      | Reached XP level 5. HP: 39/45 MP: 5/5
  1948 | D:3      | Slain by an ogre

Vault maps used:
D:1:      ncdulo_lavacross
D:2:      kennysheep_donut, minmay_goblin_outpost
D:3:      elyvilon_altar_4, first_ration
D:4:      nicolae_overflow_crystal_walls, minmay_temple_entry_statues,
          hangedman_ru_absence
Temple:   cyrus_temple_forest

Skill      XL: |  1  2  3  4 |
---------------+-------------+-----
Axes           | 3 4 5 |  5.2
Shields        | 4 |  4.9
Fighting       | |  3.6
Armour         | |  3.2

Action                   |  1- 3 |  4- 6 || total
-------------------------+-------+-------++-------
Melee: War axe           |   141 |   108 ||   249
  Use: Potion            |       |     1 ||     1
  Eat: Chunk             |     1 |     3 ||     4
Armor: Plate armour      |    99 |    30 ||   129
       Scale mail        |     4 |       ||     4
       Ring mail         |       |    38 ||    38
Dodge: Dodged            |    17 |    45 ||    62
Block: Shield            |    84 |    72 ||   156

Table legend:
 A = Spawn XP
 B = Non-spawn XP
 C = Spawn XP percentage of total XP
 D = Spawn monster count
 E = Non-spawn monster count
 F = Spawn count percentage of total count
 G = Total turns spent on level
                    A         B        C        D         E        F      G
               +---------+---------+-------+---------+---------+-------+---------
         Total |       0 |     189 |   0.0 |       0 |      70 |   0.0 |  1948
               +---------+---------+-------+---------+---------+-------+---------
           D:1 |       0 |      28 |   0.0 |       0 |      14 |   0.0 |   718
           D:2 |       0 |      56 |   0.0 |       0 |      32 |   0.0 |   611
           D:3 |       0 |      53 |   0.0 |       0 |      15 |   0.0 |   382
           D:4 |       0 |      52 |   0.0 |       0 |       9 |   0.0 |   143
               +---------+---------+-------+---------+---------+-------+---------
